Map: Acid Plant LE

Players

Reynor - Winner!

  • Race: Zerg Zerg
  • League: Master
  • Spawn Location: 5:00

Zanster

  • Race: Zerg Zerg
  • League: Master
  • Spawn Location: 11:00

Event: HomeStory Cup XVIII

VOD

Have the link to the VOD?

Description

Time

  • Played on: Nov. 22, 2018, 4:25 p.m.
  • Length: 6:35

All games in this series

Show
View Real Time Build Order
Export as new Build Order

Reynor Zerg - Winner!

Build Orders: Hatch First 

Get SALT Encoding   

  12  0:01  Drone  
  13  0:12  Overlord  
  13  0:17  Drone  
  14  0:30  Drone  
  14  0:31  Drone  
  14  0:34  Drone  
  17  0:51  Hatchery  
  17  0:55  Drone  
  17  0:58  Drone  
  18  1:09  Extractor  
  17  1:12  Spawning Pool  
  17  1:17  Drone  
  17  1:20  Drone  
  18  1:28  Drone  
  19  1:43  Overlord  
  19  1:59  Zergling x2  
  19  2:00  Zergling x2  
  19  2:01  Queen  
  21  2:04  Queen, Zergling x2  
  26  2:10  Metabolic Boost  
  26  2:11  Drone  
  26  2:15  Drone  
  28  2:22  Drone  
  29  2:25  Drone  
  30  2:41  Drone  
  30  2:42  Hatchery  
  30  2:49  Overlord  
  30  2:51  Drone x2  
  32  3:02  Zergling x4  
  34  3:06  Zergling x2  
  34  3:09  Zergling x2  
  34  3:12  Zergling x8  
  39  3:16  Zergling x4  
  40  3:21  Zergling x2  
  40  3:22  Baneling Nest  
  40  3:23  Zergling x2  
  41  3:28  Drone  
  41  3:31  Overlord  
  42  3:39  Zergling x2  
  43  3:42  Zergling x2  
  44  3:49  Drone x3  
  44  3:50  Drone x3  
  44  3:53  Drone  
  50  3:55  Drone  
  50  3:56  Drone  
  52  4:02  Drone  
  52  4:06  Drone  
  52  4:07  Queen  
  52  4:08  Drone  
  56  4:16  Zergling x6  
  57  4:20  Baneling x2  
  57  4:25  Zergling x2  
  57  4:29  Zergling x4  
  55  4:34  Drone  
  55  4:35  Evolution Chamber, Baneling x2  
  55  4:40  Baneling x2  
  55  4:41  Zergling x6  
  57  4:45  Overlord  
  57  4:47  Overlord  
  56  4:54  Baneling  
  55  5:00  Overlord  
  55  5:01  Drone  
  55  5:02  Drone  
  55  5:03  Overlord  
  55  5:05  Drone  
  55  5:06  Drone x5  
  63  5:07  Drone x2  
  63  5:08  Extractor, Drone  
  63  5:09  Extractor  
  63  5:13  Roach Warren, Baneling x2  
  63  5:19  Drone x3  
  63  5:20  Drone  
  67  5:22  Drone  
  67  5:26  Drone x2  
  67  5:27  Drone  
  71  5:31  Overlord  
  71  5:34  Extractor  
  67  5:53  Overlord  
  67  5:54  Roach x8  
  83  5:58  Roach x3  
  86  6:04  Roach x2  
  86  6:07  Roach  
  86  6:10  Roach  
Show
View Real Time Build Order
Export as new Build Order

Zanster Zerg 

Build Orders: 3 Hatch before Pool 

Get SALT Encoding   

  12  0:01  Drone  
  13  0:13  Overlord  
  13  0:17  Drone  
  14  0:31  Drone  
  14  0:32  Drone  
  17  0:35  Drone  
  17  0:53  Hatchery  
  17  0:55  Drone  
  17  0:58  Drone  
  18  1:07  Drone  
  19  1:23  Hatchery  
  19  1:25  Drone  
  19  1:28  Drone  
  19  1:30  Extractor  
  19  1:43  Spawning Pool  
  19  1:45  Drone  
  19  1:50  Drone  
  20  2:01  Drone  
  20  2:06  Drone  
  22  2:11  Drone  
  23  2:16  Drone  
  24  2:24  Overlord  
  24  2:32  Queen x2  
  24  2:33  Metabolic Boost  
  24  2:35  Zergling x2  
  29  2:37  Zergling x2  
  29  2:40  Zergling x2  
  31  2:45  Zergling x2  
  32  2:52  Baneling Nest  
  32  2:53  Overlord  
  32  2:58  Drone x2  
  33  3:09  Drone x3  
  35  3:17  Queen, Drone  
  37  3:26  Drone  
  40  3:29  Drone  
  40  3:30  Drone  
  40  3:35  Zergling x8  
  43  3:44  Baneling  
  43  3:47  Zergling x2  
  43  3:48  Zergling x4  
  45  3:52  Zergling x10  
  45  3:53  Zergling x2  
  43  4:03  Zergling x4  
  41  4:11  Zergling x2  
  41  4:12  Zergling x2, Baneling x2  
  41  4:14  Zergling x4  
  41  4:15  Zergling x2  
  45  4:26  Zergling x6  
  47  4:36  Overlord x2  
  47  4:38  Queen x2  
  47  4:43  Baneling x3  
  41  5:02  Hatchery  
  41  5:03  Drone x4  
  44  5:20  Zergling x2  
  44  5:21  Zergling x6  
  46  5:31  Baneling x5  
  46  5:32  Baneling  
  46  5:33  Overlord  
  46  5:37  Zergling x2  
  43  5:53  Zergling x16  
  43  5:56  Zergling x2  
  53  5:57  Zergling x2  
  52  6:04  Baneling x2  
  52  6:05  Baneling  
  52  6:09  Zergling x4  
  54  6:15  Overlord  
Tags
 
Add a new tag
Caveats
  • Supply blocks, unpowered buildings, or Contaminate may cause inaccurate times.
  • Supply counts are checked every 10 seconds.